 Dungeon Crawl Stone Soup version 0.30-a0-782-ge64f9170bb (webtiles) character file.

Game seed: 11781832083492337278

13406 Smoke131 the Arsonist (level 11, -7/95 HPs)
             Began as a Black Draconian Fire Elementalist on Feb 19, 2023.
             Was a Priest of Vehumet.
             Mangled by a two-headed ogre
             ... wielding a +0 giant club
              (18 damage)
             ... on level 10 of the Dungeon.
             The game lasted 00:43:05 (13434 turns).

Smoke131 the Arsonist (DrFE)                       Turns: 13434, Time: 00:43:06

Health: -7/95      AC:  9    Str: 10    XL:     11   Next: 75%
Magic:  18/22      EV: 14    Int: 20    God:    Vehumet [***...]
Gold:   555        SH:  0    Dex: 12    Spells: 13/25 levels left

rFire   . . .      SeeInvis .    r - +3 dagger (venom)
rCold   . . .      Faith    .    (no shield)
rNeg    . . .      Spirit   .    (body armour unavailable)
rPois   .          Reflect  .    (helmet restricted)
rElec   +          Harm     .    (no cloak)
rCorr   .          Rampage  .    (no gloves)
Will    +....                    B - +1 pair of boots
Stlth   ++                       n - amulet of magic regeneration
HPRegen 0.35/turn                l - ring of willpower
MPRegen 0.58/turn                f - ring of flight

@: lethally poisoned (-7 -> -18), flying, slowed, studying Throwing, very slow
A: breathe lightning, AC +7, unfitting armour, electricity resistance,
cold-blooded
a: Breathe Lightning, Renounce Religion


You were on level 10 of the Dungeon.
You worshipped Vehumet.
Vehumet was most pleased with you.
You visited 3 branches of the dungeon, and saw 13 of its levels.

You collected 917 gold pieces.
You spent 362 gold pieces at shops.

Inventory:

Hand Weapons
 r - a +3 dagger of venom (weapon)
 x - a +2 dagger of holy wrath
Missiles
 d - 7 throwing nets
Armour
 B - a +1 pair of boots (worn)
Jewellery
 f - a ring of flight (right hand)
 l - a ring of willpower (left hand)
 n - an amulet of magic regeneration (around neck)
Wands
 q - a wand of digging (4)
 w - a wand of roots (26)
Scrolls
 g - 4 scrolls of fog
 o - 2 scrolls of enchant weapon
 s - a scroll of teleportation
 v - 2 scrolls of amnesia
 y - 2 scrolls of identify
 z - a scroll of summoning
 A - a scroll of magic mapping
Potions
 a - a potion of magic
 b - 7 potions of curing
 c - a potion of mutation
 e - 3 potions of attraction
 i - a potion of heal wounds
 j - 3 potions of brilliance
 m - 2 potions of berserk rage
 p - a potion of resistance
 t - 2 potions of flight


   Skills:
 + Level 8.6 Fighting
 + Level 7.5 Dodging
 - Level 1.7 Stealth
 + Level 7.6 Spellcasting
 + Level 8.1 Conjurations
 - Level 5.0 Translocations
 + Level 8.8 Fire Magic
 - Level 5.0 Air Magic


You had 13 spell levels left.
You knew the following spells:

 Your Spells              Type           Power      Damage    Failure   Level
a - Foxfire               Conj/Fire      100%       2x1d9     1%          1
b - Scorch                Fire           84%        2d9       1%          2
c - Kindle Blastsparks    Fire/Tloc/Air  64%        2d15      1%          3
d - Flame Wave            Conj/Fire      41%        2d11      1%          4
z - Static Discharge      Conj/Air       66%        2-5/arc   1%          2

Your spell library contained the following spells:

 Spells                   Type           Power      Damage    Failure   Level
 Hailstorm                Conj/Ice       23%        3d7       1%          3
 Inner Flame              Hex/Fire       25%        N/A       1%          3
 Necrotise                Necr           28%        1d5       9%          1
 Slow                     Hex            28%        N/A       9%          1
 Confusing Touch          Hex            7%         N/A       26%         3
 Vampiric Draining        Necr           7%         2d6       26%         3
 Agony                    Necr           7%         N/A       94%         5
 Malign Gateway           Summ/Tloc      8%         N/A       100%        7
 Summon Horrible Things   Summ           3%         N/A       100%        8


Dungeon Overview and Level Annotations

Branches:
Dungeon (11/15)            Temple (1/1) D:5            Lair (1/5) D:10
    Orc: D:9-12

Altars:
Ashenzari
Cheibriados
Dithmenos
Fedhas
Gozag
Hepliaklqana
Kikubaaqudgha
Makhleb
Nemelex Xobeh
Okawaru
Qazlal
Ru
Sif Muna
Uskayaw
Vehumet
Wu Jian
Xom
Zin
The Shining One

Shops:
D:2 [   D:5 (   D:9 ?*(   D:10 (

Annotations:
Lair:1 Fannar


Innate Abilities, Weirdness & Mutations

You can breathe wild blasts of lightning.
Your glossy black scales are hard. (AC +7)
You cannot fit into any form of body armour.
You are resistant to electric shocks. (rElec)
You are cold-blooded and may be slowed by cold attacks.


Message History

A wave of flame ripples out!
The flame wave engulfs the hornet!
The hornet is heavily wounded.
The flame wave engulfs the two-headed ogre!
The two-headed ogre is heavily wounded.
You feel sick.
The hornet stings you but does no damage.
A wave of flame ripples out!
The flame wave engulfs the hornet.
The hornet is severely wounded.
The flame wave engulfs the two-headed ogre!!
The two-headed ogre is almost dead.
You finish channelling waves of flame.
You feel sick.
You are no longer poisoned.
The hornet stings you but does no damage.
The two-headed ogre hits you with a +0 giant club!
* * * LOW HITPOINT WARNING * * *
The two-headed ogre hits you with a +0 giant club.
* * * LOW HITPOINT WARNING * * *
The hornet stings you.
* * * LOW HITPOINT WARNING * * *
You are poisoned.
You feel yourself slow down.
You feel very sick. The hornet stings you.
* * * LOW HITPOINT WARNING * * *
You are lethally poisoned!
You feel as though you will be slow longer.
The two-headed ogre barely misses you. The two-headed ogre misses you.
The hornet stings you but does no damage.
Casting: Flame Wave (mildly dangerous; 1% risk of failure)
Confirm with . or Enter, or press ? or * to list all spells.
Flames lash the hornet.
The hornet is almost dead.
The hornet's fire resistance burns away.
* * * LOW HITPOINT WARNING * * *
You feel very sick. The hornet closely misses you.
The hornet stings you but does no damage.
The two-headed ogre hits you but does no damage.
The two-headed ogre hits you with a +0 giant club!!
You die...

##########.###########.#
.......................#
.......................#
.#######..##~########..#
.# #..##≈# #..#
.#######..##≈# #..#
..........##≈########..#
...........≈~...yO....<#
########...~....@......#
# #...~...........# ##
#...~~..........#
≈#######.~.~~..........#
≈#......~..~~..........#
~#.......~.~~~.........#
...####..~≈~~~~........#
~### #..~.~~..........#
~######....~~.~........#


You could see a two-headed ogre and a hornet (combustible).

Vanquished Creatures
  Harold (D:10)
  3 two-headed ogres
  A death yak (D:10)
  Lodul (D:9)
  Joseph (D:8)
  2 black mambas (D:10)
  A polar bear (D:10)
  Grinder (D:3)
  A centaur simulacrum (D:10)
  13 yaks
  2 steam dragons
  Grum (D:9)
  Menkaure (D:7)
  5 water moccasins
  3 orc warriors
  2 meliai simulacra (D:10)
  Duvessa (D:7)
  3 sky beasts
  5 ice beasts
  A black bear (D:6)
  9 ogres
  4 wolves
  2 centaurs (D:9)
  A gnoll sergeant (D:7)
  Blork the orc (D:5)
  A necrophage (D:6)
  5 bullfrogs
  6 scorpions
  8 wights
  Dowan (D:7)
  8 killer bees (D:9)
  2 howler monkeys (D:9)
  A jelly (D:4)
  6 orc priests
  2 gnoll boudas (D:8)
  2 hounds
  5 iguanas
  13 orc wizards
  13 gnolls
  11 adders
  4 white imps
  2 ufetubi
  A worm (D:3)
  2 dart slugs
  26 orcs
  6 ball pythons
  6 endoplasms
  2 giant cockroaches
  11 goblins
  8 hobgoblins
  6 jackals
  4 quokkas
  8 bats
  4 frilled lizards
  9 kobolds
  8 rats
257 creatures vanquished.

Vanquished Creatures (others)
  334 foxfires
  7 fungi
  A plant (Lair:1)
342 creatures vanquished.

Grand Total: 599 creatures vanquished

Notes
Turn   | Place    | Note
-------+----------+-------------------------------------------
     0 | D:1      | Smoke131 the Draconian Fire Elementalist began the quest
                  | for the Orb.
     0 | D:1      | Reached XP level 1. HP: 14/14 MP: 3/3
   247 | D:1      | Found a faded altar of an unknown god.
   256 | D:1      | Got Plato's Opusculum on Exhumation
   363 | D:1      | Reached XP level 2. HP: 22/22 MP: 0/5
   958 | D:1      | Reached skill level 1 in Fighting
  1245 | D:2      | Reached XP level 3. HP: 28/28 MP: 4/6
  1250 | D:2      | Learned a level 2 spell: Scorch
  1618 | D:2      | Found Bennicwo's Armour Shop.
  2047 | D:2      | Reached XP level 4. HP: 23/36 MP: 1/7
  2365 | D:3      | Found a burning altar of Makhleb.
  2365 | D:3      | Found a hide-covered altar of Uskayaw.
  2657 | D:3      | Noticed Grinder
  2679 | D:3      | Paralysed by Grinder for 4 turns
  2686 | D:3      | Paralysed by Grinder for 3 turns
  2693 | D:3      | Killed Grinder
  2694 | D:3      | Reached XP level 5. HP: 26/42 MP: 4/9
  2694 | D:3      | Reached XP level 6. HP: 31/50 MP: 4/10
  2785 | D:3      | Identified the +0 robe "Ekhoalat" {Fly}
  3143 | D:4      | Learned a level 3 spell: Kindle Blastsparks
  3153 | D:4      | Found a broken altar of Ashenzari.
  3383 | D:4      | Reached skill level 1 in Air Magic
  3383 | D:4      | Your scales start taking on a glossy black colour.
  3383 | D:4      | Reached XP level 7. HP: 50/57 MP: 5/12
  3383 | D:4      | Gained mutation: You are resistant to electric shocks.
                  | (rElec) [Black Draconian growth]
  3445 | D:4      | Reached skill level 1 in Translocations
  3769 | D:4      | Found an opulent altar of Gozag.
  4053 | D:5      | Entered Level 5 of the Dungeon
  4412 | D:5      | Noticed Blork the orc
  4418 | D:5      | Killed Blork the orc
  4435 | D:5      | Found Hirad's Antique Weapon Shoppe.
  4496 | D:5      | Reached XP level 8. HP: 66/66 MP: 3/13
  4802 | D:5      | Found a staircase to the Ecumenical Temple.
  4974 | Temple   | Entered the Ecumenical Temple
  5015 | Temple   | Became a worshipper of Vehumet
  5120 | D:6      | Reached skill level 5 in Fire Magic
  5360 | D:6      | Noticed a two-headed ogre
  5378 | D:6      | Killed a two-headed ogre
  5379 | D:6      | Reached XP level 9. HP: 23/73 MP: 8/16
  5580 | D:6      | Found a snail-covered altar of Cheibriados.
  5905 | D:7      | Reached skill level 5 in Fighting
  6109 | D:7      | Reached skill level 5 in Spellcasting
  6330 | D:7      | Identified the +3 ring mail of Setuhuj {rC- rN+ Dex+5 SInv}
  6338 | D:7      | Reached skill level 5 in Conjurations
  6375 | D:7      | Reached * piety under Vehumet
  6375 | D:7      | Offered knowledge of Kiss of Death by Vehumet.
  6537 | D:7      | Noticed Dowan
  6539 | D:7      | Noticed Duvessa
  6555 | D:7      | Killed Duvessa
  6562 | D:7      | Killed Dowan
  6563 | D:7      | Reached skill level 5 in Dodging
  6647 | D:7      | Reached skill level 5 in Air Magic
  6648 | D:7      | Noticed Menkaure
  6660 | D:7      | Killed Menkaure
  7027 | D:7      | Learned a level 4 spell: Flame Wave
  7028 | D:7      | Found a glowing silver altar of Zin.
  7028 | D:7      | Found a shimmering blue altar of Sif Muna.
  7199 | D:7      | You are sucked into a shaft and drop 2 floors!
  7392 | D:8      | Noticed Joseph
  7717 | D:8      | Noticed a two-headed ogre
  8378 | D:8      | Reached XP level 10. HP: 83/83 MP: 11/18
  8583 | D:8      | Killed a two-headed ogre
  8813 | D:8      | Killed Joseph
  8814 | D:8      | Reached skill level 5 in Translocations
  9286 | D:9      | Found Badwel's Weapon Shop.
  9293 | D:9      | Noticed Grum
  9309 | D:9      | Killed Grum
  9471 | D:9      | Offered knowledge of Poisonous Vapours by Vehumet.
  9476 | D:9      | Reached ** piety under Vehumet
  9572 | D:9      | Found Enaw's General Store.
  9741 | D:9      | Found Xirerrih's Magic Scroll Boutique.
  9747 | D:9      | Bought a scroll of identify for 26 gold pieces
  9747 | D:9      | Bought a scroll of identify for 26 gold pieces
  9747 | D:9      | Bought a scroll of identify for 26 gold pieces
  9747 | D:9      | Bought a scroll of fear for 52 gold pieces
 10297 | D:10     | Entered Level 10 of the Dungeon
 10657 | D:9      | Offered knowledge of Static Discharge by Vehumet.
 10661 | D:9      | Learned a level 2 spell: Static Discharge
 10673 | D:10     | Noticed Lodul
 10686 | D:10     | Noticed a death yak
 10696 | D:9      | Killed Lodul
 10697 | D:9      | Reached XP level 11. HP: 57/92 MP: 5/21
 10840 | D:10     | Found Oddimnyo's Antique Weapon Shoppe.
 10870 | D:10     | Noticed a two-headed ogre
 10879 | D:10     | Killed a two-headed ogre
 11065 | D:10     | Reached *** piety under Vehumet
 11139 | D:10     | Found a staircase to the Lair.
 11192 | D:10     | Noticed Harold
 11212 | D:10     | Killed Harold
 11675 | D:10     | Killed a death yak
 11903 | D:10     | Found a shimmering altar of Xom.
 12351 | D:10     | Bought a smoking mace for 232 gold pieces
 12351 | D:10     | Identified the +1 mace "Zaon" {venom, *Slow rPois Int-3
                  | Dex+4} (You bought it in a shop on level 10 of the Dungeon)
 12403 | Lair:1   | Entered Level 1 of the Lair of Beasts
 12922 | D:10     | Offered knowledge of Hailstorm by Vehumet.
 13261 | Lair:1   | Noticed Fannar
 13420 | D:11     | Noticed a two-headed ogre
 13426 | D:11     | Paralysed by a hornet for 2 turns
 13434 | D:10     | Mangled by a two-headed ogre

Illustrated notes

Levels and vault maps discovered:
D:1:      pf_arrival_petrified_forest, layout_loops_corners,
          shapermc_ecumenical_altar_rom_forum
D:2:      layout_loops_cross, serial_shops, nicolae_shop_crystal
D:3:      layout_basic, jmf_multi_god_temple, uniq_grinder
D:4:      layout_cave_pods, nicolae_ashenzari_skybound, lemuel_crystal_altar,
          kennysheep_generic_room_3
D:5:      layout_gridville, minmay_temple_entry_waves, serial_shops,
          kennysheep_little_box, kennysheep_generic_room_7, uniq_blork_the_orc
D:6:      layout_basic, kennysheep_slug_shrine, hangedman_decor_clover_reticule,
          amethyst_killhole
D:7:      layout_loops_ring, mainiacjoe_overflow_divided_tiny, uniq_menkaure,
          uniq_duvessa
D:8:      layout_cave_pools, nicolae_ossuary_entry_false_entrances, uniq_joseph
D:9:      layout_basic, serial_shops, shop, nicolae_shop_stone,
          kennysheep_mini_moat, uniq_grum
D:10:     layout_long_grid, mainiacjoe_overflow_24_doors, lair_entry_dummy,
          serial_shops, shop_statue, serial_ice, serial_ice_d, serial_ice_k,
          serial_ice_c, serial_ice_b, serial_ice_m, serial_ice_g,
          dreamdust_mushroom_princess, grunt_decor_fettered, uniq_lodul,
          uniq_harold
D:11:     layout_rooms, kennysheep_island_fort
Temple:   nicolae_temple_great_sept
Lair:1:   layout_loops_ring, basic_altar, infiniplex_staircase_pool_2,
          lemuel_fruit_tree, uniq_amaemon, uniq_fannar

Skill      XL: |  1  2  3  4  5  6  7  8  9 10 11 |
---------------+----------------------------------+-----
Dodging        | 2 3 4 5 6 7 |  7.5
Fighting       | 1 2 3 4 5 7 8 |  8.6
Conjurations   | 2 3 4 5 7 8 |  8.1
Spellcasting   | 3 4 5 6 7 |  7.6
Fire Magic     | 4 5 6 7 8 |  8.8
Air Magic      | 1 2 4 5 |  5.0
Translocations | 2 3 4 5 |  5.0
Stealth        | |  1.7

Action                     |  1- 3 |  4- 6 |  7- 9 | 10-12 || total
---------------------------+-------+-------+-------+-------++-------
  Melee: Unarmed           |    40 |       |       |       ||    40
         Rapier            |    37 |       |       |       ||    37
         Tailslap          |     3 |     8 |    10 |       ||    21
         Dagger            |       |    36 |    34 |     1 ||    71
         Punch             |       |       |     1 |       ||     1
   Cast: Foxfire           |    37 |    17 |    68 |    94 ||   216
         Scorch            |     5 |    22 |   149 |   177 ||   353
         Kindle Blastspark |       |       |     2 |    10 ||    12
         Flame Wave        |       |       |       |     7 ||     7
Ability: Breathe Lightning |       |       |       |     2 ||     2
    Use: Scroll            |       |     5 |    15 |    10 ||    30
         Potion            |       |       |     3 |       ||     3
   Stab: Sleeping          |     5 |     1 |     2 |       ||     8
         Distracted        |       |       |     1 |       ||     1
 Armour: Skin              |    50 |    13 |    45 |    56 ||   164
  Dodge: Dodged            |    73 |    38 |   118 |   135 ||   364

Table legend: (Time is in decaauts)
 A = Elapsed time spent in this place.
 B = Non-inter-level travel time spent in this place.
 C = Inter-level travel time spent in this place.
 D = Time resting spent in this place.
 E = Time spent auto-exploring this place.
 F = Levels seen in this place.
 G = Mean time per level.
                   A        B        C        D        E       F      G
               +--------+--------+--------+--------+--------+-----+--------+
         Total |  13443 |  12974 |    469 |   3738 |   6713 |  13 | 1034.1 |
       Dungeon |  13357 |  12888 |    469 |   3738 |   6684 |  11 | 1214.3 |
        Temple |     51 |     51 |      0 |      0 |     29 |   1 |   51.0 |
          Lair |     34 |     34 |      0 |      0 |      0 |   1 |   34.0 |
               +--------+--------+--------+--------+--------+-----+--------+

Top non-repeatable levels by time:
    D:10: 2325 daAuts
     D:9: 2009 daAuts
     D:7: 1943 daAuts
     D:8: 1255 daAuts
     D:1: 1231 daAuts
     D:5: 997 daAuts
     D:3: 992 daAuts
     D:4: 941 daAuts
     D:2: 898 daAuts
     D:6: 753 daAuts
  Temple: 51 daAuts
  Lair:1: 34 daAuts
    D:11: 9 daAuts
